 Seeded DCSS version 0.31-a0-925-g0a390f2509 (webtiles) character file.

Game seed: 10313860976295290012 (custom seed)

62 voltaire321 the Chiller (level 4, -7/31 HPs)
             Began as a Merfolk Ice Elementalist on Sept 20, 2023.
             Mangled by a gnoll
             ... wielding a +0 spear
              (8 damage)
             ... on level 2 of the Dungeon on Oct 18, 2023.
             The game lasted 00:05:16 (1203 turns).

voltaire321 the Chiller (Merfolk Ice Elementalist)  Turns: 1203, Time: 00:05:17

Health: -7/31      AC:  4    Str: 12    XL:     4   Next: 8%
Magic:  3/7        EV: 13    Int: 21    God:
Gold:   14         SH:  0    Dex: 14    Spells: 7/8 levels left

rFire   . . .        g - +0 short sword
rCold   . . .        (no shield)
rNeg    . . .        a - +0 robe
rPois   .            c - +1 helmet of the Old World {Contam +Inv Str+2 Int+7}
rElec   .            (no cloak)
rCorr   .            (no gloves)
SInv    .            (no boots)
Will    .....        (no amulet)
Stlth   ++           (no ring)
HPRegen 0.25/turn    (no ring)
MPRegen 0.10/turn

%: no passive effects
@: no status effects
A: (nimble swimmer 2), mertail
a: Evoke Invisibility


You were on level 2 of the Dungeon.
You visited 1 branch of the dungeon, and saw 2 of its levels.

You collected 14 gold pieces.

Inventory:

Hand Weapons
 g - a +0 short sword (weapon)
Missiles
 j - 5 poisoned darts
Armour
 a - a +0 robe (worn)
 c - the +1 helmet of the Old World (worn) {Contam +Inv Str+2 Int+7}
   (You acquired it on level 1 of the Dungeon)

   Str+2:     It affects your strength (+2).
   Int+7:     It affects your intelligence (+7).
   +Inv:      It lets you turn invisible.
   Contam:    It causes magical contamination when unequipped.
Scrolls
 d - a scroll of enchant weapon {unknown}
 f - a scroll of teleportation {unknown}
 i - a scroll of blinking {unknown}
 k - a scroll of identify {unknown}
 m - a scroll of poison {unknown}
Potions
 b - a potion of magic
 e - a potion of lignification {unknown}
 h - a potion of berserk rage {unknown}
 l - 2 potions of curing {unknown}


   Skills:
 + Level 0.5 Fighting
 + Level 0.3 Armour
 + Level 3.5 Dodging
 + Level 3.1 Stealth
 + Level 2.5 Spellcasting
 + Level 4.8 Ice Magic


You had 7 spell levels left.
You knew the following spells:

 Your Spells              Type           Power      Damage    Failure   Level
a - Freeze                Ice            88%        1d9       1%          1

Your spell library contained the following spells:

 Spells                   Type           Power      Damage    Failure   Level
 Frozen Ramparts          Ice            44%        1d7       6%          3
 Ozocubu's Armour         Ice            22%        N/A       6%          3
 Summon Ice Beast         Ice/Summ       12%        N/A       45%         4


Dungeon Overview and Level Annotations

Branches:
Dungeon (2/15)

Altars:


Innate Abilities, Weirdness & Mutations

((You are very nimble when in or above water. (Stealth+, EV+, Speed+++)))
Your lower body shifts to a powerful aquatic tail in water.


Message History

Aim: a rat You freeze the rat!
You kill the rat!
The gnoll attacks as it pursues you!
The gnoll hits you from afar with a +0 spear.
Found 5 gold pieces.
The gnoll attacks as it pursues you! The gnoll closely misses you.
An adder comes into view.
The gnoll attacks as it pursues you! The gnoll closely misses you.
The adder hisses angrily.
The gnoll attacks as it pursues you!
The gnoll hits you from afar with a +0 spear.
The gnoll attacks as it pursues you! The gnoll hits you but does no damage.
Aiming: Freeze (safe; 1% risk of failure)
Press: ? - help, Q - select action, (/) - cycle Shift-Dir - straight line, f - adder
Aim: an adder You freeze the adder.
The adder is moderately wounded.
The adder closely misses you.
The gnoll hits you from afar with a +0 spear.
The adder barely misses you.
Aiming: Freeze (safe; 1% risk of failure)
Press: ? - help, Q - select action, (/) - cycle Shift-Dir - straight line, f/p - adder
Aim: an adder (moderately wounded)
You freeze the adder!
You kill the adder!
The gnoll misses you.
You have reached level 4!
The gnoll completely misses you.
The gnoll hits you from afar with a +0 spear.
* * * LOW HITPOINT WARNING * * *
The gnoll attacks as it pursues you! The gnoll hits you but does no damage.
An endoplasm comes into view.
The gnoll barely misses you.
The gnoll hits you from afar with a +0 spear.
* * * LOW HITPOINT WARNING * * *
A kobold comes into view. It is wielding a +0 dagger.
The gnoll attacks as it pursues you!
The gnoll hits you from afar with a +0 spear!
You die...

. ######### ..
#.......###...
#...........J.
#..............
#####.......###....
#........g.@......K
#......$..#####....
#.........# ..
#......>..#
#.........#
#.........#
#.........#
#.........#
#########.#
##########


You could see a gnoll and a kobold (asleep).

Vanquished Creatures
  A gnoll (D:2)
  2 adders (D:2)
  A worm (D:2)
  2 ball pythons (D:1)
  5 bats (D:1)
  4 endoplasms
  A giant cockroach (D:1)
  A goblin (D:2)
  5 hobgoblins
  A quokka (D:1)
  3 kobolds
  4 rats
30 creatures vanquished.

Notes
Turn   | Place    | Note
-------+----------+-------------------------------------------
     0 | D:1      | voltaire321 the Merfolk Ice Elementalist began the quest
                  | for the Orb.
     0 | D:1      | Reached XP level 1. HP: 13/13 MP: 3/3
     6 | D:1      | Identified a scroll of acquirement
     6 | D:1      | Acquired the +1 helmet of the Old World {Contam +Inv Str+2
                  | Int+7}
   129 | D:1      | Reached XP level 2. HP: 19/19 MP: 3/5
   964 | D:1      | Upgraded the game from 0.31-a0-799-g6bc09d010c to
                  | 0.31-a0-925-g0a390f2509
   983 | D:2      | Reached XP level 3. HP: 17/24 MP: 1/6
  1089 | D:2      | Found a faded altar of an unknown god.
  1195 | D:2      | Reached XP level 4. HP: 11/31 MP: 2/7
  1202 | D:2      | HP: 1/31 [gnoll/+0 spear (6)]
  1203 | D:2      | Mangled by a gnoll

Illustrated notes

Levels and vault maps discovered:
D:1:      kennysheep_arrival_forest, layout_basic, nrook_mini_backslash,
          patterned_corridor
D:2:      layout_basic, ebering_ecumenical_altar_box

Skill      XL: |  1  2  3 |
---------------+----------+-----
Dodging        | 3 |  3.5
Stealth        | 3 |  3.1
Fighting       | |  0.5
Armour         | |  0.3
Spellcasting   | |  2.5
Ice Magic      | |  4.8

Action                     |  1- 3 |  4- 6 || total
---------------------------+-------+-------++-------
  Melee: Unarmed           |     7 |       ||     7
         Short sword       |    13 |       ||    13
         Punch             |     1 |       ||     1
   Cast: Freeze            |    39 |       ||    39
    Use: Scroll            |     1 |       ||     1
   Stab: Sleeping          |     2 |       ||     2
 Armour: Robe              |    25 |     4 ||    29
  Dodge: Dodged            |    41 |     2 ||    43

Table legend: (Time is in decaauts)
 A = Elapsed time spent in this place.
 B = Non-inter-level travel time spent in this place.
 C = Inter-level travel time spent in this place.
 D = Time resting spent in this place.
 E = Time spent auto-exploring this place.
 F = Levels seen in this place.
 G = Mean time per level.
                   A        B        C        D        E       F      G
               +--------+--------+--------+--------+--------+-----+--------+
         Total |   1202 |   1189 |     13 |    139 |    713 |   2 |  601.0 |
       Dungeon |   1202 |   1189 |     13 |    139 |    713 |   2 |  601.0 |
               +--------+--------+--------+--------+--------+-----+--------+

Top non-repeatable levels by time:
     D:1: 964 daAuts
     D:2: 237 daAuts
